 Dungeon Crawl Stone Soup version 0.28.0-45-g0d030f2227 (webtiles) character file.

Game seed: 3977061125151018226

1772 Icepheonix32 the Summoner (level 9, -11/57 HPs)
             Began as a Merfolk Summoner on Apr 11, 2022.
             Was an Initiate of Makhleb.
             Killed from afar by a gnoll shaman (34 damage)
             ... with a bolt of acid
             ... on level 7 of the Dungeon on Apr 12, 2022.
             The game lasted 00:16:52 (9185 turns).

Icepheonix32 the Summoner (Merfolk Summoner)        Turns: 9185, Time: 00:16:52

Health: -11/57     AC:  6    Str:  9    XL:     9   Next: 7%
Magic:  7/17       EV: 14    Int: 18    God:    Makhleb [......]
Gold:   285        SH:  0    Dex: 18    Spells: 10/19 levels left

rFire   . . .      SeeInvis +   e - +2 dagger (freeze)
rCold   x . .      Faith    .   (no shield)
rNeg    . . .      Spirit   .   K - +0 leather armour
rPois   .          Reflect  .   q - +0 helmet
rElec   .          Harm     .   (no cloak)
rCorr   .          Rampage  .   p - +0 pair of gloves
Will    .....                   y - +0 pair of boots
Stlth   +++.......              (no amulet)
HPRegen 0.19/turn               z - ring "Bots" {rC- Dex+4 Slay+4 SInv Stlth+}
MPRegen 0.15/turn               (no ring)

@: studying Axes
A: (nimble swimmer 2), mertail
a: Renounce Religion


You were on level 7 of the Dungeon.
You worshipped Makhleb.
Makhleb was noncommittal.
You visited 1 branch of the dungeon, and saw 7 of its levels.

You collected 285 gold pieces.

Inventory:

Hand Weapons
 b - a +0 dagger
 e - a +2 dagger of freezing (weapon)
 s - a +1 mace of venom
 w - a +1 flail of protection
Missiles
 h - 25 sling bullets
 C - 2 poisoned darts
Armour
 a - a +0 robe
 f - a scarf of harm
 p - a +0 pair of gloves (worn)
 q - a +0 helmet (worn)
 x - a +0 helmet
 y - a +0 pair of boots (worn)
 H - a +0 ring mail
 K - a +0 leather armour (worn)
Jewellery
 z - the ring "Bots" (left hand) {rC- Dex+4 Slay+4 SInv Stlth+}
   (You found it on level 4 of the Dungeon)

   [ring of slaying]

   Dex:       It affects your dexterity (+4).
   Slay:      It affects your accuracy & damage with ranged weapons and melee
   (+4).
   rC:        It makes you vulnerable to cold.
   SInv:      It lets you see invisible.
   Stlth:     It makes you more stealthy.
 O - a ring of wizardry
 R - a ring of poison resistance
Wands
 t - a wand of iceblast (14)
 v - a wand of digging (10)
 B - a wand of mindburst (19)
 I - a wand of polymorph (11)
Scrolls
 c - a scroll of immolation {unknown}
 g - 2 scrolls of teleportation {unknown}
 k - 4 scrolls of identify {unknown}
 m - 3 scrolls of amnesia {unknown}
 r - a scroll of fog {unknown}
 u - a scroll of blinking {unknown}
 E - a scroll of vulnerability {unknown}
 F - 2 scrolls of fear {unknown}
 G - a scroll of noise {unknown}
 L - a scroll of holy word {unknown}
 M - a scroll of summoning {unknown}
 N - a scroll of brand weapon {unknown}
 Q - a scroll of silence {unknown}
Potions
 d - 4 potions of curing
 i - a potion of lignification {unknown}
 j - 2 potions of cancellation {unknown}
 l - a potion of degeneration {unknown}
 n - 2 potions of heal wounds {unknown}
 o - a potion of invisibility {unknown}
 A - 2 potions of might {unknown}
 D - a potion of magic {unknown}
 J - a potion of ambrosia {unknown}
 P - a potion of attraction {unknown}
 S - 2 potions of mutation {unknown}
 T - a potion of resistance {unknown}


   Skills:
 * Level 2.0 Armour
 + Level 5.9 Dodging
 - Level 2.1 Stealth
 + Level 5.5 Spellcasting
 - Level 2.0 Hexes
 * Level 8.6 Summonings
 * Level 2.9 Invocations


You had 10 spell levels left.
You knew the following spells:

 Your Spells              Type           Power      Damage    Failure   Level
a - Summon Small Mammal   Summ           100%       N/A       1%          1
b - Call Canine Familiar  Summ           36%        N/A       1%          3
c - Call Imp              Summ           36%        N/A       1%          2
d - Summon Guardian Gole  Hex/Summ       24%        N/A       6%          3

Your spell library contained the following spells:

 Spells                   Type           Power      Damage    Failure   Level
 Beastly Appendage        Tmut           8%         N/A       17%         1
 Ensorcelled Hibernation  Hex/Ice        16%        N/A       17%         2
 Passwall                 Tmut/Erth      3%         N/A       26%         2
 Wereblood                Tmut           4%         N/A       26%         2
 Summon Lightning Spire   Summ/Air       20%        N/A       28%         4
 Dazzling Flash           Conj/Hex       16%        N/A       34%         3
 Gell's Gravitas          Tloc           4%         N/A       45%         3
 Spider Form              Tmut/Pois      4%         N/A       45%         3
 Swiftness                Air            4%         N/A       45%         3
 Teleport Other           Tloc           4%         N/A       45%         3
 Cause Fear               Hex            6%         N/A       58%         4
 Silence                  Hex/Air        4%         N/A       97%         5
 Agony                    Necr           4%         N/A       99%         5
 Dispersal                Tloc           2%         N/A       100%        6
 Dragon Form              Tmut           2%         N/A       100%        7
 Dragon's Call            Summ           18%        N/A       100%        9


Dungeon Overview and Level Annotations

Branches:
Dungeon (7/15)             Temple (0/1) D:5

Altars:
Gozag
Kikubaaqudgha
Makhleb
Okawaru
Trog
Uskayaw

Shops:
D:5 *

Annotations:
D:5 Pikel


Innate Abilities, Weirdness & Mutations

((You are very nimble when in or above water. (Stealth+, EV+, Speed+++)))
Your lower body shifts to a powerful aquatic tail in water.


Message History

Casting: Call Canine Familiar (safe; 1% risk of failure)
Confirm with . or Enter, or press ? or * to list all spells.
A guardian golem appears, shielding your allies.
Your hound bites the ice beast.
The ice beast hits your hound. The ice beast freezes your hound!
The gnoll shaman zaps a wand.
The bolt of acid hits your hound!! The acid corrodes your hound!
Your hound dies!
Your hound's corpse disappears in a puff of smoke!
Casting: Summon Guardian Golem (dangerous; 6% risk of failure)
Confirm with . or Enter, or press ? or * to list all spells.
The ice beast hits you. The ice beast freezes you!!
You feel a terrible chill!
Your hound bites the ice beast.
Your hound bites the ice beast.
You hit the ice beast but do no damage.
The ice beast is heavily wounded.
The ice beast misses you.
Unknown command.
Your hound barely misses the ice beast.
You are too injured to fight recklessly!
You closely miss the ice beast.
The ice beast is heavily wounded.
The orc shouts!
The ice beast barely misses you.
Your hound bites the ice beast.
Your hound bites the ice beast but does no damage.
The ice beast hits your hound. The ice beast freezes your hound!
The ice beast closely misses your hound.
Your hound completely misses the ice beast.
Your hound closely misses the ice beast.
The ice beast barely misses your hound.
Casting: Call Canine Familiar (safe; 1% risk of failure)
Confirm with . or Enter, or press ? or * to list all spells.
A guardian golem appears, shielding your allies.
Your hound bites the ice beast.
The ice beast barely misses your hound.
Unknown command.
Your hound bites the ice beast but does no damage.
Your hound bites the ice beast.
The ice beast barely misses your hound.
The gnoll shaman zaps a wand.
The bolt of acid hits you!!
Ouch! That really hurt!
You die...

#... ..##......#.....###
.###.. #................#.
....o.###g.##.^##.#......#.
#......9#..###.#.......#.
####hY##.###..#..........
#..#.##..##.......#...
##.g#...#.#......)###.
##..##9##........####
##.@.....####.>..#
######### #....# #...##
#....# #..### ##.# ###


You could see an ice beast (ally target), a gnoll shaman, an orc, a friendly
guardian golem (summoned) and a friendly hound (summoned).

Vanquished Creatures
  2 sky beasts (D:7)
  A lemure (D:4)
  2 bullfrogs (D:6)
  A centaur zombie (D:4)
  4 hounds
  A bullfrog skeleton (D:5)
  An orc wizard (D:7)
  An iguana (D:5)
  A hound skeleton (D:5)
  2 adders
  2 white imps (D:6)
  2 ufetubi (D:5)
  2 dart slugs (D:1)
  An orc (D:3)
  6 ball pythons
  3 endoplasms (D:1)
  4 goblins
  4 hobgoblins
  A jackal (D:5)
  2 quokkas
  A bat (D:3)
  3 frilled lizards
  2 kobolds (D:2)
  5 rats
54 creatures vanquished.

Vanquished Creatures (collateral kills)
  2 black bears (D:4)
  An ice beast (D:5)
  A necrophage (D:6)
  2 ogres (D:5)
  2 lemures (D:5)
  A bullfrog (D:7)
  A scorpion (D:3)
  Dowan (D:6)
  2 hounds
  A gnoll shaman (D:3)
  2 iguanas (D:3)
  An orc wizard (D:7)
  3 gnolls (D:3)
  4 adders
  A shadow imp (D:7)
  3 worms
  An orc (D:7)
  An endoplasm (D:4)
  3 goblins (D:1)
  A hobgoblin (D:1)
  2 jackals (D:5)
  2 bats (D:2)
  4 kobolds (D:1)
  A rat (D:1)
43 creatures vanquished.

Vanquished Creatures (others)
  Duvessa (D:6)
  A scorpion (D:6)
2 creatures vanquished.

Grand Total: 99 creatures vanquished

Notes
Turn   | Place    | Note
-------+----------+-------------------------------------------
     0 | D:1      | Icepheonix32 the Merfolk Summoner began the quest for the
                  | Orb.
     0 | D:1      | Reached XP level 1. HP: 13/13 MP: 3/3
   307 | D:1      | Reached XP level 2. HP: 4/19 MP: 1/5
   897 | D:1      | Reached XP level 3. HP: 17/24 MP: 4/6
  1018 | D:1      | Found a faded altar of an unknown god.
  1763 | D:2      | Reached skill level 5 in Summonings
  1797 | D:2      | Learned a level 3 spell: Call Canine Familiar
  2042 | D:2      | Learned a level 2 spell: Call Imp
  2548 | D:3      | Reached XP level 4. HP: 30/30 MP: 7/7
  2722 | D:3      | Reached XP level 5. HP: 13/35 MP: 1/8
  2726 | D:3      | Reached skill level 6 in Summonings
  3310 | D:3      | Reached XP level 6. HP: 37/41 MP: 3/9
  3567 | D:3      | Found an ancient bone altar of Kikubaaqudgha.
  3931 | D:4      | Noticed a black bear
  3947 | D:4      | Killed a black bear
  4225 | D:4      | Noticed a black bear
  4234 | D:4      | Killed a black bear
  4235 | D:4      | Reached skill level 7 in Summonings
  4235 | D:4      | Reached XP level 7. HP: 43/46 MP: 3/11
  4429 | D:4      | Identified the ring "Bots" {rC- Dex+4 Slay+4 SInv Stlth+}
  4540 | D:4      | Reached skill level 5 in Dodging
  4645 | D:4      | Found a bloodstained altar of Trog.
  4646 | D:4      | Found a burning altar of Makhleb.
  4646 | D:4      | Found a hide-covered altar of Uskayaw.
  4647 | D:4      | Found an opulent altar of Gozag.
  4663 | D:4      | Found an iron altar of Okawaru.
  4827 | D:4      | Became a worshipper of Makhleb the Destroyer
  4919 | D:5      | Entered Level 5 of the Dungeon
  4981 | D:5      | Found Lahuhag's Overcharged Wands.
  4996 | D:5      | Noticed Pikel
  5797 | D:5      | Found a staircase to the Ecumenical Temple.
  6043 | D:5      | Reached XP level 8. HP: 52/52 MP: 2/14
  6149 | D:5      | Reached skill level 1 in Invocations
  6630 | D:6      | Reached skill level 1 in Armour
  6930 | D:6      | Noticed Duvessa
  6930 | D:6      | Noticed Dowan
  7278 | D:6      | Learned a level 3 spell: Summon Guardian Golem
  7315 | D:6      | Killed Dowan
  7351 | D:6      | Killed Duvessa
  7352 | D:6      | Reached skill level 8 in Summonings
  7515 | D:6      | Reached skill level 1 in Hexes
  7557 | D:6      | Reached skill level 5 in Spellcasting
  8355 | D:7      | Reached XP level 9. HP: 57/57 MP: 14/17
  8735 | D:7      | Noticed a kobold demonologist
  9185 | D:7      | Killed from afar by a gnoll shaman

Illustrated notes

Levels and vault maps discovered:
D:1:      saegor_arrival_simple_b, layout_basic, basic_ecumenical_altar,
          minmay_misc_feat_room, minmay_split_cup_large
D:2:      layout_basic, minmay_tromino_v7
D:3:      layout_loops_ring, lemuel_round_altar
D:4:      layout_rooms, okawaru_metal_pillars_1_2,
          chequers_temple_overflow_statue_of_worship, minivault_19
D:5:      layout_loops_corners, temple_doors_ab, serial_glass, glass_columns_a,
          glass_columns_b, chequers_serial_rivers_micro_c,
          nicolae_shop_overcharged_wands, uniq_pikel, uniq_crazy_yiuf_cottage
D:6:      layout_loops_ring, minmay_misc_feat_cross, uniq_duvessa
D:7:      hellmonk_destroyed_diamonds, layout_cave_pools, eino_tiny_chamber,
          minmay_misc_feat_square, minmay_manual_mess

Skill      XL: |  1  2  3  4  5  6  7  8  9 |
---------------+----------------------------+-----
Dodging        | 3 4 5 |  5.9
Summonings     | 5 6 7 8 |  8.6
Spellcasting   | 3 4 5 |  5.5
Invocations    | 2 |  2.9
Armour         | 1 2 |  2.0
Hexes          | 2 |  2.0
Stealth        | |  2.1

Action                   |  1- 3 |  4- 6 |  7- 9 || total
-------------------------+-------+-------+-------++-------
Melee: Dagger            |    77 |    54 |   139 ||   270
       Punch             |       |       |     1 ||     1
 Cast: Summon Small Mamm |    21 |     8 |    15 ||    44
       Call Canine Famil |     2 |    10 |    32 ||    44
       Call Imp          |       |     6 |    16 ||    22
       Summon Guardian G |       |       |     8 ||     8
  Use: Potion            |       |       |     1 ||     1
 Stab: Sleeping          |     6 |     4 |    11 ||    21
Armor: Robe              |    11 |    17 |    12 ||    40
       Leather armour    |       |       |    21 ||    21
Dodge: Dodged            |    50 |    58 |   142 ||   250
